 Dungeon Sprint DCSS version 0.29.1-2-gbd0b4ee654 (webtiles) character file.

Game seed: 13143252790712005657

305 kingsuperguy the Cleaver (level 6, -3/66 HPs)
             Began as a Minotaur Berserker on Nov 28, 2022.
             Was a Believer of Trog.
             Slain by Sonja
             ... wielding a +1 dagger of distortion
              (20 damage)
             ... in the Dungeon (Sprint I: "Red Sonja").
             The game lasted 00:01:46 (426 turns).

kingsuperguy the Cleaver (Minotaur Berserker)        Turns: 426, Time: 00:01:46

Health: -3/66      AC:  2    Str: 27    XL:     6   Next: 16%
Magic:  5/5        EV: 13    Int:  2    God:    Trog [**....]
Gold:   196        SH:  0    Dex: 12    Spells: 5/5 levels left

rFire   . . .      SeeInvis .   c - +0 scythe
rCold   . . .      Faith    .   (shield currently unavailable)
rNeg    . . .      Spirit   .   b - +0 animal skin
rPois   .          Reflect  .   (helmet restricted)
rElec   .          Harm     .   (no cloak)
rCorr   .          Rampage  .   (no gloves)
Will    .....      NoTele   +   (no boots)
Stlth   +.........              (no amulet)
HPRegen 0.21/turn               (no ring)
MPRegen 0.09/turn               (no ring)

@: lethally poisoned (-3 -> -7), on berserk cooldown, slowed, very slow
A: horns 2, retaliatory headbutt, agile 1, strong 1
a: Renounce Religion, Berserk, Trog's Hand


You were in the Dungeon.
You worshipped Trog.
Trog was pleased with you.
You visited 1 branch You collected 196 gold pieces.

Inventory:

Hand Weapons
 a - a +0 hand axe
 c - a +0 scythe (weapon)
Armour
 b - a +0 animal skin (worn)
Wands
 i - a wand of mindburst (9)
Scrolls
 h - a scroll of blinking
Potions
 e - a potion of haste
 f - 2 potions of magic
 g - a potion of berserk rage


   Skills:
 + Level 10.1 Fighting
 + Level 10.6 Axes
 + Level 5.4 Armour
 + Level 5.4 Dodging


You had 5 spell levels left.
You didn't know any spells.
Your spell library was empty.

Dungeon Overview and Level Annotations

Branches:
Dungeon (1/1)

Altars:
Sif Muna
Vehumet
Wu Jian

Annotations:
D Sonja


Innate Abilities, Weirdness & Mutations

You have a pair of horns on your head.
You reflexively headbutt those who attack you in melee.
You are agile. (Dex +4, Str/Int -1)
Your muscles are strong. (Str +4, Int/Dex -1)


Message History

The centaur warrior moves out of view.
There is an open door here.
There is a shimmering blue altar of Sif Muna here.
You open the door.
Found 7 gold pieces.
There is an open door here.
You now have 196 gold pieces (gained 7).
There is an open door here.
You open the door.
Sonja, the Graceful Assassin comes into view.
She is wielding a +1 dagger of distortion and quivering curare-tipped darts.
Found 108 gold pieces.
A red film seems to cover your vision as you go berserk!
You feel yourself moving faster!
You feel mighty!
Sonja throws a curare-tipped dart.
The curare-tipped dart hits you.
You are poisoned.
You have difficulty breathing.
You feel yourself slow down.
You feel a strong urge to attack something.
You feel very sick.
Sonja mumbles some strange words.
Sonja blinks!
There is an open door here.
You feel very sick.
Sonja mumbles some strange words.
Sonja blinks!
You feel your anger nearly subside.
You feel sick.
You are no longer berserk.
You are exhausted.
You feel as though you will be slow longer.
You feel sick.
Sonja hits you with a +1 dagger of distortion. x2
Space warps horribly around you! Sonja closely misses you.
You barely miss Sonja.
You feel very sick.
Sonja mumbles some strange words.
Sonja blinks!
Sonja hits you with a +1 dagger of distortion!
* * * LOW HITPOINT WARNING * * *
Space warps horribly around you!!
You die...

#..[).#..'..#..+
#..#####'#####'#
## #..# #..#
#.####§§# #..#
#### ##.#~§~§c
#..#
#+#_.§~§§..+
#⌠⌠#
+.§§§#~§~§c#
####
#_.#'##+####
##§#.# ##@###


+$K$+ #$.$# ##.## #+# You could see Sonja.

Vanquished Creatures
  Sigmund (D)
  An ogre (D)
  A jelly (D)
  Ijyb (D)
4 creatures vanquished.

Notes
Turn   | Place    | Note
-------+----------+-------------------------------------------
     0 | D        | kingsuperguy the Minotaur Berserker began the quest for the
                  | Orb.
     0 | D        | Reached XP level 1. HP: 19/19 MP: 0/0
     2 | D        | Noticed Ijyb
     7 | D        | Killed Ijyb
     8 | D        | Reached skill level 5 in Fighting
     8 | D        | Reached skill level 5 in Axes
     8 | D        | Reached XP level 2. HP: 30/30 MP: 1/1
    12 | D        | Noticed an ogre
    15 | D        | Killed an ogre
    16 | D        | Reached XP level 3. HP: 36/40 MP: 2/2
    16 | D        | Reached XP level 4. HP: 43/48 MP: 3/3
    63 | D        | Noticed Sigmund
    93 | D        | HP: 2/48 [something (3)]
    96 | D        | Gained mutation: Your muscles are strong. (Str +4, Int/Dex
                  | -1) [potion of mutation]
    96 | D        | Gained mutation: You are agile. (Dex +4, Str/Int -1)
                  | [potion of mutation]
   102 | D        | Killed Sigmund
   102 | D        | Reached ** piety under Trog
   103 | D        | Reached skill level 10 in Axes
   103 | D        | Reached skill level 5 in Armour
   103 | D        | Reached skill level 5 in Dodging
   103 | D        | Reached XP level 5. HP: 9/58 MP: 4/4
   103 | D        | Reached XP level 6. HP: 10/66 MP: 5/5
   399 | D        | Found an ornate altar of the Wu Jian Council.
   399 | D        | Found a shimmering blue altar of Sif Muna.
   401 | D        | Found a radiant altar of Vehumet.
   403 | D        | Reached skill level 10 in Fighting
   408 | D        | Noticed a centaur warrior
   410 | D        | Noticed a centaur warrior
   420 | D        | Noticed Sonja
   426 | D        | Slain by Sonja

Illustrated notes

Levels and vault maps discovered:
D:        dungeon_sprint_1 [red_sonja_temple_1, red_sonja_temple_small_1]

Skill      XL: |  1  2  3  4  5  6 |
---------------+-------------------+-----
Fighting       | 5 7 9 10 | 10.1
Axes           | 5 7 10 | 10.6
Armour         | 3 4 5 |  5.4
Dodging        | 3 5 |  5.4

Action                   |  1- 3 |  4- 6 || total
-------------------------+-------+-------++-------
Melee: Hand axe          |     5 |    18 ||    23
       Headbutt          |     1 |     2 ||     3
       Halberd           |       |     2 ||     2
Invok: Berserk           |     1 |     2 ||     3
  Use: Potion            |       |     3 ||     3
Dodge: Dodged            |     2 |     4 ||     6
